[Event "December 19 Early 2023"]
[Site "https://www.chess.com"]
[Date "2023.12.19"]
[Round "5"]
[White "SulfatoFerroso"]
[Black "Kowalysko, Roman"]
[Result "0-1"]
[Board "224"]
[TimeControl "180+1"]
[BlackFideId "30918510"]
[WhiteElo "1907"]
[BlackElo "2268"]
[BlackTeam "USA"]
[WhiteClock "0:00:00"]
[BlackClock "0:01:15"]

1. e4 c5 2. d4 cxd4 3. c3 dxc3 4. Nxc3 Nc6 5. Bc4 e6 6. Nf3 Qc7 7. Qe2 Nf6 8. O-O Ng4 9. g3 a6 10. Rd1 Bc5 11. Rf1 b5 12. Bb3 Bb7 13. Bf4 d6 14. Rac1 Qb6 15. h3 Nge5 16. Rcd1 Rd8 17. Rd2 O-O 18. Rfd1 Nxf3+ 19. Qxf3 Nd4 20. Qh5 Nxb3 21. axb3 Bc6 22. Bxd6 Bxd6 23. Rxd6 Rxd6 24. Rxd6 Qb7 25. Qc5 Bxe4 26. Rb6 Qa8 27. Qe5 Bh1 0-1

[Event "December 19 Early 2023"]
[Site "https://www.chess.com"]
[Date "2023.12.19"]
[Round "5"]
[White "Alves Campelo, Danilo Cesar De L"]
[Black "Semenova, Alina"]
[Result "0-1"]
[Board "225"]
[TimeControl "180+1"]
[WhiteFideId "2123657"]
[BlackFideId "24113875"]
[WhiteElo "1994"]
[BlackElo "1827"]
[WhiteTeam "BRA"]
[BlackTeam "RUS"]
[WhiteClock "0:00:17"]
[BlackClock "0:01:35"]

1. e4 c6 2. Nc3 d5 3. Nf3 dxe4 4. Nxe4 Nf6 5. Ng3 Nbd7 6. Bc4 e6 7. d3 Bd6 8. Bg5 O-O 9. Qe2 b5 10. Bb3 Bb7 11. a4 a6 12. O-O h6 13. Bxf6 Nxf6 14. Ne4 Nxe4 15. dxe4 Qc7 16. e5 Be7 17. Rfd1 Rfd8 18. c3 c5 19. axb5 axb5 20. Qxb5 Bxf3 21. Rxd8+ Rxd8 22. gxf3 Qxe5 23. Qf1 Rd2 24. Qg2 Rxb2 25. Ba4 Bh4 26. Rf1 Qxc3 27. Kh1 Qd4 28. Kg1 Bxf2+ 0-1

[Event "December 19 Early 2023"]
[Site "https://www.chess.com"]
[Date "2023.12.19"]
[Round "6"]
[White "Carlsen, Magnus"]
[Black "Drygalov, Sergey"]
[Result "1-0"]
[Board "1"]
[TimeControl "180+1"]
[WhiteFideId "1503014"]
[BlackFideId "24171743"]
[WhiteElo "2887"]
[BlackElo "2504"]
[WhiteTeam "NOR"]
[BlackTeam "RUS"]
[WhiteClock "0:01:55"]
[BlackClock "0:00:16"]

1. Nf3 d5 2. c4 c6 3. e3 Nf6 4. Nc3 Nbd7 5. cxd5 Nxd5 6. e4 Nxc3 7. bxc3 e5 8. d4 exd4 9. cxd4 Bb4+ 10. Bd2 Qa5 11. Bd3 O-O 12. Rb1 Bxd2+ 13. Qxd2 Qxd2+ 14. Kxd2 Nb6 15. Rhc1 Rd8 16. Ke3 Rb8 17. Ne5 Be6 18. a4 f6 19. Nf3 Nxa4 20. Ra1 b5 21. Rxc6 Bd7 22. Rc7 a5 23. Ra7 Ra8 24. Rxd7 Rxd7 25. Bxb5 Nb6 26. Bxd7 Nxd7 27. Nd2 a4 28. Nc4 Kf7 29. f4 Ke7 30. Ra3 h5 31. Kd3 g6 32. Kc3 f5 33. e5 Ke6 34. Ne3 Nb6 35. Kb4 Rd8 36. Kb5 Nd5 37. Nxd5 Kxd5 38. Rxa4 Rb8+ 39. Ka5 Rb2 40. h4 Rxg2 41. Kb6 Rc2 42. Ra5+ Kxd4 43. e6 Rc8 44. Re5 g5 45. hxg5 h4 46. e7 Re8 47. Kc7 h3 48. Kd7 h2 49. Re1 Rh8 50. e8=Q Rh7+ 51. Kd6 h1=Q 52. Qe5+ 1-0

[Event "December 19 Early 2023"]
[Site "https://www.chess.com"]
[Date "2023.12.19"]
[Round "6"]
[White "Korobov, Anton"]
[Black "Rasulov, Vugar"]
[Result "1-0"]
[Board "2"]
[TimeControl "180+1"]
[WhiteFideId "14105730"]
[BlackFideId "13402390"]
[WhiteElo "2649"]
[BlackElo "2517"]
[WhiteTeam "UKR"]
[BlackTeam "AZE"]
[WhiteClock "0:00:19"]
[BlackClock "0:00:00"]

1. d4 Nf6 2. c4 e6 3. Nf3 c5 4. d5 exd5 5. cxd5 d6 6. Nc3 g6 7. Nd2 Bg7 8. e4 O-O 9. Be2 Na6 10. O-O Nc7 11. a4 b6 12. Kh1 Re8 13. f3 Rb8 14. Nc4 Ba6 15. Bf4 Bxc4 16. Bxc4 a6 17. Qd3 Nh5 18. Bd2 Qh4 19. Be1 Qg5 20. g3 f5 21. f4 fxe4 22. fxg5 exd3 23. Bxd3 Be5 24. Bd2 b5 25. axb5 axb5 26. Ra7 Rec8 27. g4 Ng7 28. Ne4 c4 29. Be2 Ra8 30. Rxa8 Rxa8 31. Nf6+ Kh8 32. Bc3 Bxc3 33. bxc3 Nge8 34. Bf3 Ra3 35. Re1 Nxf6 36. gxf6 Rxc3 37. Re8+ Nxe8 38. f7 Rxf3 39. fxe8=Q+ Kg7 40. Qxb5 c3 41. Kg2 Rf4 42. Qd7+ Kh6 43. Qxd6 Rc4 44. Qf8+ Kg5 45. Qe7+ Kf4 46. Qe2 Rc8 47. Qc2 Ke5 48. Kg3 Kxd5 49. Kf4 Kc4 50. Kg5 Rd8 51. Kh6 Rd2 52. Qe4+ Kb3 53. h4 c2 54. Qe3+ 1-0

[Event "December 19 Early 2023"]
[Site "https://www.chess.com"]
[Date "2023.12.19"]
[Round "6"]
[White "Bortnyk, Olexandr"]
[Black "Popov, Konstantin"]
[Result "1/2-1/2"]
[Board "3"]
[TimeControl "180+1"]
[WhiteFideId "14120828"]
[BlackFideId "34137910"]
[WhiteElo "2731"]
[BlackElo "2340"]
[WhiteTeam "UKR"]
[BlackTeam "FID"]
[WhiteClock "0:00:05"]
[BlackClock "0:00:14"]

1. e4 c5 2. c3 d5 3. exd5 Qxd5 4. d4 e6 5. Be3 cxd4 6. cxd4 Bb4+ 7. Nc3 Bd7 8. Nf3 Nf6 9. Bd3 Bb5 10. O-O Bxc3 11. bxc3 Nbd7 12. Rb1 Bxd3 13. Qxd3 O-O 14. c4 Qc6 15. Rfc1 b6 16. h3 Rac8 17. Qa3 Qb7 18. Bf4 Rc6 19. Ne5 Nxe5 20. Bxe5 Nd7 21. Bd6 Rfc8 22. c5 Nf6 23. Be5 Qe7 24. Bxf6 gxf6 25. Qg3+ Kh8 26. Qf3 f5 27. Re1 Qf6 28. cxb6 Rxb6 29. Rxb6 axb6 30. d5 e5 31. g3 Kg7 32. Rd1 Rd8 33. a4 Rd6 34. Kg2 Qg5 35. Qc3 f4 36. h4 Qf5 37. Qf3 e4 38. Qxf4 Qxf4 39. gxf4 Kf6 40. f3 Kf5 41. Rd4 Kxf4 42. Rxe4+ Kf5 43. Re7 Kf6 44. Rb7 h5 45. Kg3 Kg6 46. Kf4 Rxd5 47. Rxb6+ f6 48. Rb4 Rd1 49. a5 Rh1 50. Kg3 Ra1 51. Rb5 Ra4 52. f4 Ra3+ 53. Kg2 Ra4 54. Kf3 Ra1 55. f5+ Kh6 56. Ke4 Ra4+ 57. Kd5 Rxh4 58. a6 Ra4 59. Rb6 Kg5 60. Kc6 h4 61. Kb5 Ra1 62. Rd6 Kxf5 63. Rd5+ Kg6 64. Rd4 h3 65. Rh4 f5 66. Rxh3 f4 67. Rh8 Kf5 68. Rf8+ Kg4 69. Rf7 f3 70. a7 Kg3 71. Rg7+ Kh2 72. Rf7 Kg2 73. Rg7+ Kh2 74. Rf7 Kg2 75. Rg7+ Kh2 1/2-1/2

[Event "December 19 Early 2023"]
[Site "https://www.chess.com"]
[Date "2023.12.19"]
[Round "6"]
[White "Nakamura, Hikaru"]
[Black "Mitrabha, Guha"]
[Result "1-0"]
[Board "4"]
[TimeControl "180+1"]
[WhiteFideId "2016192"]
[BlackFideId "5057000"]
[WhiteElo "2874"]
[BlackElo "2512"]
[WhiteTeam "USA"]
[BlackTeam "IND"]
[WhiteClock "0:00:19"]
[BlackClock "0:00:07"]

1. Nf3 Nf6 2. b3 g6 3. Bb2 Bg7 4. d4 b6 5. e3 Bb7 6. Be2 O-O 7. O-O d6 8. c4 e6 9. Qc2 Be4 10. Qc1 Bb7 11. Rd1 Nbd7 12. Qc2 Be4 13. Qc1 Bb7 14. b4 a5 15. a3 axb4 16. axb4 Rxa1 17. Bxa1 Qa8 18. Nc3 Ne4 19. Nb5 Rc8 20. Ne1 c6 21. Na3 Qa4 22. f3 Nef6 23. Nec2 d5 24. c5 Ba6 25. Bxa6 Qxa6 26. Bc3 Ne8 27. Qd2 Nc7 28. Ra1 Qb7 29. Rb1 b5 30. Ne1 e5 31. Nac2 Ne6 32. Na1 Qc7 33. Nb3 Re8 34. Nc2 h5 35. Qf2 exd4 36. exd4 Nf4 37. Re1 Rxe1+ 38. Nxe1 Nf8 39. Kf1 N8e6 40. g3 Nh3 41. Qg2 Nhg5 42. h4 Nh7 43. Nc2 f5 44. Qe2 Kf7 45. Be1 Nhf8 46. Bf2 Bf6 47. Ne1 Nd7 48. f4 Nef8 49. Nf3 Qc8 50. Qa2 Qb7 51. Na5 Qa8 52. Qe2 Ne6 53. Be3 Bd8 54. Bd2 Bc7 55. Bc3 Nf6 56. Be1 Ne4 57. Qe3 Kg7 58. Kg2 Kf7 59. Ng1 Ke7 60. Ne2 Kd7 61. Nc1 Qh8 62. Ne2 Bd8 63. Bc3 Bf6 64. Bb2 Bd8 65. Qa3 Bc7 66. Nb3 Qc8 67. Nbc1 Qb7 68. Nd3 Bb8 69. Bc1 Nd8 70. Ng1 Nf7 71. Nf3 Ke7 72. Nfe5 Nxe5 73. fxe5 Qa7 74. Qa5 Kf7 75. Bg5 Qxa5 76. bxa5 Nc3 77. Nb4 Bc7 78. a6 1-0

[Event "December 19 Early 2023"]
[Site "https://www.chess.com"]
[Date "2023.12.19"]
[Round "6"]
[White "Kamsky, Gata"]
[Black "Naroditsky, Daniel"]
[Result "1-0"]
[Board "5"]
[TimeControl "180+1"]
[WhiteFideId "2000024"]
[BlackFideId "2026961"]
[WhiteElo "2660"]
[BlackElo "2639"]
[WhiteTeam "USA"]
[BlackTeam "USA"]
[WhiteClock "0:00:23"]
[BlackClock "0:00:03"]

1. d4 Nf6 2. Bf4 c5 3. e3 cxd4 4. exd4 Qb6 5. Bc1 Nc6 6. Nf3 d5 7. c3 Bg4 8. Be2 e6 9. O-O Bd6 10. Nbd2 Qc7 11. Re1 O-O-O 12. Ne5 Bxe5 13. dxe5 Nxe5 14. Bxg4 Nexg4 15. Nf1 e5 16. h3 Nh6 17. Bxh6 gxh6 18. Qf3 Ne4 19. Rad1 Rhg8 20. Ne3 Ng5 21. Qf5+ Qd7 22. Kf1 Qe6 23. Rxd5 Rxd5 24. Nxd5 Qxf5 25. Ne7+ Kd7 26. Nxf5 f6 27. Rd1+ Ke6 28. Nxh6 Rc8 29. h4 Ne4 30. g4 Nd6 31. Kg2 Rc4 32. f3 b5 33. Rd3 a5 34. Kg3 b4 35. cxb4 axb4 36. a3 Rc2 37. Rb3 bxa3 38. bxa3 Nc4 39. Nf5 Ra2 40. Rc3 Nd2 41. Ne3 e4 42. Rc6+ Kd7 43. Rxf6 exf3 44. Rf4 Rxa3 45. Rd4+ Ke6 46. Rxd2 Rxe3 47. Rf2 Re4 48. Rxf3 Rb4 49. g5 Rb1 50. Rf6+ Ke5 51. Kg4 Rb7 52. Kh5 Rc7 53. Kh6 Rd7 54. h5 Rc7 55. Rf8 Rd7 56. g6 hxg6 57. hxg6 Rd6 58. Kh7 Rd3 59. g7 Rh3+ 60. Kg6 Rg3+ 61. Kf7 1-0

[Event "December 19 Early 2023"]
[Site "https://www.chess.com"]
[Date "2023.12.19"]
[Round "6"]
[White "Kravtsiv, Martyn"]
[Black "Terry, Renato"]
[Result "0-1"]
[Board "6"]
[TimeControl "180+1"]
[WhiteFideId "14113147"]
[BlackFideId "3803457"]
[WhiteElo "2689"]
[BlackElo "2578"]
[WhiteTeam "UKR"]
[BlackTeam "PER"]
[WhiteClock "0:00:02"]
[BlackClock "0:00:06"]

1. e4 e6 2. d4 d5 3. e5 c5 4. c3 Qb6 5. Nf3 Bd7 6. Be2 cxd4 7. cxd4 Bb5 8. O-O Bxe2 9. Qxe2 Nc6 10. Rd1 Nge7 11. Na3 Nf5 12. Nc2 Rc8 13. g4 Nfe7 14. b4 h5 15. h3 hxg4 16. hxg4 Ng6 17. Rb1 Na5 18. Bg5 Nc4 19. Ne3 Be7 20. Rbc1 Qb5 21. Nxc4 dxc4 22. d5 exd5 23. e6 f6 24. Be3 Qc6 25. Qc2 Nf8 26. Nd4 Qa6 27. b5 Qd6 28. f4 Nxe6 29. Nf5 Qd7 30. Bxa7 Kf7 31. Re1 Rce8 32. Bf2 Bc5 33. Rcd1 b6 34. Qxc4 Rd8 35. Qc2 g6 36. Bxc5 bxc5 37. Ne3 Nxf4 38. Rf1 g5 39. Rxf4 gxf4 40. Rxd5 Qe6 41. Rxd8 Qxe3+ 42. Kf1 Rh1+ 43. Kg2 Rg1+ 44. Kh2 Qg3# 0-1

[Event "December 19 Early 2023"]
[Site "https://www.chess.com"]
[Date "2023.12.19"]
[Round "6"]
[White "Liascovich, Lucas"]
[Black "Haug, Havard"]
[Result "1-0"]
[Board "7"]
[TimeControl "180+1"]
[WhiteFideId "108634"]
[BlackFideId "1547887"]
[WhiteElo "2455"]
[BlackElo "2343"]
[WhiteTeam "ARG"]
[BlackTeam "NOR"]
[WhiteClock "0:01:19"]
[BlackClock "0:00:57"]

1. e4 c6 2. d4 d5 3. exd5 cxd5 4. Bd3 Nc6 5. Ne2 Nf6 6. O-O Bg4 7. f3 Bh5 8. c3 e6 9. Qe1 Bd6 10. Bg5 Qc7 11. Qh4 Bg6 12. Bxg6 fxg6 13. Bxf6 gxf6 14. Qxf6 Kd7 15. Qh4 Ne7 16. Nd2 Nf5 17. Qh3 Bf4 18. Nxf4 Qxf4 19. Nb3 Rae8 20. Rfe1 e5 21. Nc5+ Kc6 22. Nd3 Qd2 23. Nxe5+ Kb6 24. f4 Qxf4 25. Qd3 a6 26. b4 Nd6 27. a4 Ne4 28. Rf1 Qd2 29. Qxe4 Qxc3 30. Qxd5 Rd8 31. Qc5+ Qxc5 32. dxc5+ Ka7 33. Nf7 Rhf8 34. Nxd8 Rxd8 35. Rad1 Ra8 36. b5 Rb8 37. b6+ Ka8 38. Rd7 Rc8 39. Rff7 Rb8 40. a5 h5 41. h4 g5 42. Rxb7 Re8 43. Ra7+ Kb8 44. Rfb7+ Kc8 45. c6 Re1+ 46. Kh2 g4 47. Ra8# 1-0

[Event "December 19 Early 2023"]
[Site "https://www.chess.com"]
[Date "2023.12.19"]
[Round "6"]
[White "Durarbayli, Vasif"]
[Black "Svane, Frederik"]
[Result "1-0"]
[Board "8"]
[TimeControl "180+1"]
[WhiteFideId "13402935"]
[BlackFideId "12923044"]
[WhiteElo "2551"]
[BlackElo "2502"]
[WhiteTeam "AZE"]
[BlackTeam "GER"]
[WhiteClock "0:00:08"]
[BlackClock "0:00:10"]

1. e4 c5 2. Nf3 e6 3. d4 cxd4 4. Nxd4 Nc6 5. Nc3 Qc7 6. Be2 Nf6 7. Ndb5 Qb8 8. f4 d6 9. Be3 a6 10. Nd4 Be7 11. g4 Qc7 12. g5 Nd7 13. h4 b5 14. Nxc6 Qxc6 15. Bf3 Bb7 16. Qd4 e5 17. Qd2 Nb6 18. Bxb6 Qxb6 19. f5 b4 20. Nd1 d5 21. exd5 e4 22. Bxe4 Bc5 23. Nf2 O-O-O 24. O-O h6 25. c3 Be3 26. Qe2 hxg5 27. h5 Bxd5 28. Bxd5 Rxd5 29. Qc4+ Qc5 30. Qxa6+ Kb8 31. cxb4 Qxb4 32. Kg2 Bxf2 33. Rxf2 Rxh5 34. Qe2 Rh8 35. Rd1 Rxd1 36. Qxd1 g4 37. Qd5 g3 38. Qe5+ Ka7 39. Qe3+ Kb8 40. Qxg3+ Ka8 41. Qf3+ Kb8 42. Qf4+ Qxf4 43. Rxf4 Kc7 44. a4 Kd6 45. a5 Rb8 46. b4 Ke5 47. Kg3 g5 48. fxg6 fxg6 49. Kg4 g5 50. Rf5+ Kd6 51. b5 Re8 52. a6 Kc7 53. Rf7+ Kb8 54. Kxg5 Re5+ 55. Rf5 Re6 56. Rf8+ Ka7 57. Rf7+ Kb8 58. Kf4 Rb6 59. Rf5 Ka7 60. Ke4 Rd6 61. Rf7+ Kb8 62. Re7 Rb6 63. Re5 Rd6 64. Rd5 Rh6 65. Kd4 Ka7 66. Rd7+ Kb6 67. Rb7+ Ka5 68. a7 Rh4+ 69. Ke3 Rh3+ 70. Kf2 1-0

[Event "December 19 Early 2023"]
[Site "https://www.chess.com"]
[Date "2023.12.19"]
[Round "6"]
[White "Chigaev, Maksim"]
[Black "Finek, Vaclav"]
[Result "1/2-1/2"]
[Board "9"]
[TimeControl "180+1"]
[WhiteFideId "4108116"]
[BlackFideId "23718293"]
[WhiteElo "2561"]
[BlackElo "2309"]
[WhiteTeam "ESP"]
[BlackTeam "CZE"]
[WhiteClock "0:00:06"]
[BlackClock "0:00:04"]

1. e4 c5 2. Ne2 Nc6 3. Nbc3 g6 4. g3 Bg7 5. Bg2 e6 6. O-O Nge7 7. d3 O-O 8. Bg5 Rb8 9. Qd2 b5 10. a3 a5 11. Bh6 d6 12. h3 b4 13. axb4 axb4 14. Nd1 d5 15. Bxg7 Kxg7 16. exd5 exd5 17. d4 c4 18. Ne3 Be6 19. Nf4 Qd6 20. c3 Ra8 21. h4 h5 22. Rfe1 Rfb8 23. Qe2 Rxa1 24. Rxa1 bxc3 25. bxc3 Rb3 26. Qd2 Qb8 27. Nexd5 Rb1+ 28. Rxb1 Qxb1+ 29. Kh2 Bxd5 30. Nxd5 Nf5 31. Ne3 Na5 32. Nxf5+ Qxf5 33. Qe3 Qe6 34. Qxe6 fxe6 35. Bf1 Kf6 36. f4 Kf5 37. Kg2 Ke4 38. Kf2 Kf5 39. Ke3 Kg4 40. Kf2 Kf5 41. Kf3 Nb3 42. Ke3 Na5 43. Be2 Kf6 44. Ke4 Nb3 45. Bxc4 Nd2+ 46. Kd3 Nf1 47. Ba6 Nxg3 48. c4 Nf5 49. c5 Ke7 50. Bb7 Nxh4 51. d5 exd5 52. Bxd5 Nf5 53. Ke4 h4 54. Ke5 Ne3 55. Be4 Ng4+ 56. Kd4 h3 57. c6 h2 58. Bf3 Nf2 59. Ke5 h1=Q 60. Bxh1 Nxh1 61. c7 Kd7 62. Kf6 Kxc7 63. Kxg6 Ng3 64. f5 Nxf5 1/2-1/2

[Event "December 19 Early 2023"]
[Site "https://www.chess.com"]
[Date "2023.12.19"]
[Round "6"]
[White "Steinberg, Nitzan"]
[Black "Truskavetsky, Alexandr"]
[Result "1/2-1/2"]
[Board "10"]
[TimeControl "180+1"]
[WhiteFideId "2801795"]
[BlackFideId "14108577"]
[WhiteElo "2486"]
[BlackElo "2210"]
[WhiteTeam "ISR"]
[BlackTeam "RUS"]
[WhiteClock "0:00:13"]
[BlackClock "0:02:12"]

1. e4 c5 2. Nf3 Nc6 3. d4 cxd4 4. Nxd4 Nf6 5. Nc3 e6 6. a3 Qc7 7. Be3 a6 8. Be2 b5 9. Nxc6 dxc6 10. f4 Bb7 11. e5 Rd8 12. Qc1 Nd5 13. Nxd5 cxd5 14. c3 Bc5 15. Bd4 Qb6 16. Qe3 Bxd4 17. Qxd4 Qxd4 18. cxd4 Kd7 19. Kd2 Rc8 20. Rhc1 Rxc1 21. Rxc1 Rc8 22. Rc3 Rxc3 23. Kxc3 Kc6 24. Bd3 g6 25. g4 Bc8 26. h4 Bd7 27. Kd2 Bc8 28. Ke3 Kd7 29. f5 Ke7 30. Kf4 Kf8 31. Kg5 Kg7 32. f6+ Kg8 33. h5 Bd7 34. hxg6 hxg6 35. Bxg6 fxg6 36. Kxg6 Be8+ 37. Kh6 b4 38. axb4 Bb5 39. g5 Bd3 40. g6 Be4 41. Kg5 Bf5 42. Kh5 Be4 43. Kh6 Bf5 44. Kg5 Be4 45. Kh6 Bf5 46. Kg5 Bb1 47. Kh6 Bc2 48. Kg5 Bb1 49. Kh6 Bc2 50. Kh5 Bd1+ 51. Kg5 Bc2 52. Kh6 Bb1 53. Kh5 Bc2 54. Kg5 Bb1 1/2-1/2

[Event "December 19 Early 2023"]
[Site "https://www.chess.com"]
[Date "2023.12.19"]
[Round "6"]
[White "Nihal Sarin"]
[Black "Yeremyan, Alen"]
[Result "1-0"]
[Board "11"]
[TimeControl "180+1"]
[WhiteFideId "25092340"]
[BlackFideId "13308998"]
[WhiteElo "2689"]
[BlackElo "2160"]
[WhiteTeam "IND"]
[BlackTeam "ARM"]
[WhiteClock "0:03:01"]
[BlackClock "0:02:33"]

1. a3 a6 2. Nf3 Nf6 3. c4 g6 4. b4 Bg7 5. Bb2 O-O 6. g3 c6 7. Bg2 d5 8. cxd5 cxd5 9. O-O Nc6 10. d3 d4 11. Nbd2 Nd5 12. Nb3 Nc3 13. Qd2 Be6 14. Nc5 Bd5 15. Nxb7 Qb6 16. Nc5 a5 17. Nd7 Qb5 18. Nxf8 Kxf8 19. Nxd4 Nxd4 20. Bxc3 Bxg2 21. Kxg2 Qc6+ 22. e4 Nb3 23. Bxg7+ Kg8 24. Qc3 1-0

[Event "December 19 Early 2023"]
[Site "https://www.chess.com"]
[Date "2023.12.19"]
[Round "6"]
[White "Beerdsen, Thomas"]
[Black "Le, Tuan Minh"]
[Result "1-0"]
[Board "12"]
[TimeControl "180+1"]
[WhiteFideId "1030108"]
[BlackFideId "12401153"]
[WhiteElo "2550"]
[BlackElo "2561"]
[WhiteTeam "NED"]
[BlackTeam "VIE"]
[WhiteClock "0:01:30"]
[BlackClock "0:00:05"]

1. e4 e5 2. Nc3 Nf6 3. f4 d5 4. fxe5 Nxe4 5. Nf3 Nc6 6. Bb5 Bg4 7. O-O Be7 8. h3 Bh5 9. d4 O-O 10. Be3 f6 11. Qe1 fxe5 12. Bxc6 bxc6 13. Nxe5 Rxf1+ 14. Qxf1 Nxc3 15. bxc3 Bf6 16. Qf5 Qe8 17. Bf4 Bg6 18. Nxg6 hxg6 19. Qd3 Qf7 20. Rf1 Re8 21. Qg3 Rf8 22. Rf3 Rb8 23. Bxc7 Rb2 24. Be5 Bxe5 25. Qxe5 Qd7 26. Rg3 Qf5 27. Qe8+ Kh7 28. Rg4 Qf6 29. Qe1 g5 30. Qc1 Rxa2 31. Rxg5 Rxc2 32. Qxc2+ 1-0

[Event "December 19 Early 2023"]
[Site "https://www.chess.com"]
[Date "2023.12.19"]
[Round "6"]
[White "Klukin, Kirill"]
[Black "Niemann, Hans Moke"]
[Result "0-1"]
[Board "13"]
[TimeControl "180+1"]
[WhiteFideId "24199273"]
[BlackFideId "2093596"]
[WhiteElo "2348"]
[BlackElo "2614"]
[WhiteTeam "RUS"]
[BlackTeam "USA"]
[WhiteClock "0:00:03"]
[BlackClock "0:01:49"]

1. d4 Nf6 2. Nf3 d5 3. c4 e6 4. Nc3 Nbd7 5. Bg5 Bb4 6. cxd5 exd5 7. e3 h6 8. Bxf6 Qxf6 9. Bd3 c6 10. O-O O-O 11. Qc2 Qd8 12. a3 Bd6 13. b4 a6 14. Rab1 Nf6 15. a4 b5 16. Ne5 Bxe5 17. dxe5 Ng4 18. Rfd1 Nxe5 19. Bf5 Qf6 20. Bxc8 Raxc8 21. Ne2 Nc4 22. Rbc1 Rfe8 23. Nd4 g6 24. Nb3 bxa4 25. Nc5 a3 26. Nxa6 Qb2 27. Qa4 Rxe3 28. Rxc4 Re2 29. Rf4 a2 30. Nc5 Rce8 31. Nd3 Qd2 32. h4 Re1+ 0-1

[Event "December 19 Early 2023"]
[Site "https://www.chess.com"]
[Date "2023.12.19"]
[Round "6"]
[White "So, Wesley"]
[Black "Kezin, Roman"]
[Result "1-0"]
[Board "14"]
[TimeControl "180+1"]
[WhiteFideId "5202213"]
[BlackFideId "24124621"]
[WhiteElo "2767"]
[BlackElo "2492"]
[WhiteTeam "USA"]
[BlackTeam "RUS"]
[WhiteClock "0:00:07"]
[BlackClock "0:00:00"]

1. b3 d5 2. Bb2 Bg4 3. h3 Bh5 4. Nf3 Bxf3 5. exf3 e6 6. f4 Nf6 7. Qe2 g6 8. Qb5+ Nbd7 9. Qxb7 Bg7 10. Qa6 O-O 11. g3 e5 12. fxe5 Ne4 13. d4 c5 14. Bg2 cxd4 15. O-O Bxe5 16. Na3 Ndc5 17. Qe2 Re8 18. Qd1 Qa5 19. Nb1 Ne6 20. Re1 Rac8 21. Nd2 d3 22. Bxe5 dxc2 23. Nxe4 cxd1=Q 24. Nf6+ Kf8 25. Raxd1 d4 26. Nxh7+ Kg8 27. Nf6+ Kf8 28. Nh7+ Kg8 29. Nf6+ Kf8 30. Bd6+ Kg7 31. Nxe8+ Rxe8 32. Be5+ Kf8 33. Bxd4 Nxd4 34. Rxe8+ Kxe8 35. Rxd4 Qe1+ 36. Bf1 Kf8 37. Ra4 a5 38. h4 Kg7 39. Kg2 Qe5 40. Rf4 Qd5+ 41. Kh2 f6 42. Bc4 Qd2 43. a4 Qb2 44. Kg2 Qc3 45. Rf3 Qb2 46. Re3 Qa3 47. Re6 Qb4 48. Re8 Qc3 49. Re7+ Kh6 50. Re3 Qd4 51. Rf3 Qd6 52. Rf4 Qc6+ 53. Kh2 g5 54. hxg5+ fxg5 55. Rf7 Kg6 56. Kg1 Qc5 57. Rb7 Qd4 58. Rb5 Qc3 59. Kg2 Qd2 60. Bd5 Kf6 61. Be4 Qc3 62. Rf5+ Ke6 63. Rxg5 Kf6 64. Rf5+ Ke7 65. Rf3 Qd4 66. Bd3 Qe5 67. g4 Qd4 68. Kg3 Qe5+ 69. Kh3 Qd4 70. g5 Qd5 71. Rg3 Kf8 72. g6 Kg7 73. Kh2 Qh5+ 74. Kg1 Qe5 75. Bc4 Qa1+ 76. Kg2 Qe5 77. Bf7 Qe4+ 78. Kg1 Qe5 79. Bc4 Qa1+ 80. Bf1 Qe5 81. Kg2 Qe4+ 82. Kg1 Qe5 83. Rg2 Qa1 84. f3 Qb1 85. f4 Qxb3 86. f5 Qe3+ 87. Rf2 Qg3+ 88. Bg2 1-0

[Event "December 19 Early 2023"]
[Site "https://www.chess.com"]
[Date "2023.12.19"]
[Round "6"]
[White "Bluebaum, Matthias"]
[Black "Alexandre, Anne Shopie Elizabeth"]
[Result "1/2-1/2"]
[Board "15"]
[TimeControl "180+1"]
[WhiteFideId "24651516"]
[BlackFideId "11902418"]
[WhiteElo "2621"]
[BlackElo "2837"]
[WhiteTeam "GER"]
[BlackTeam "HAI"]
[WhiteClock "0:00:32"]
[BlackClock "0:01:17"]

1. d4 d6 2. Nf3 Nf6 3. c4 g6 4. Nc3 Bf5 5. d5 Bg7 6. Nd4 Bd7 7. e4 c6 8. Be2 O-O 9. O-O Na6 10. Be3 Nc5 11. f3 a5 12. b3 Ne8 13. Rb1 e6 14. a3 cxd5 15. exd5 Nc7 16. dxe6 N7xe6 17. b4 axb4 18. axb4 Na4 19. Nd5 Bc6 20. Rc1 Bxd5 21. cxd5 Nxd4 22. Bxd4 Bxd4+ 23. Qxd4 Qb6 24. Qxb6 Nxb6 25. Rc7 Nxd5 26. Rxb7 Rab8 27. Rxb8 Rxb8 28. b5 Nc3 29. Bd3 d5 30. Rf2 Kg7 31. Rc2 d4 32. Rb2 Na4 33. Rb4 Nc5 34. Bf1 d3 35. Kf2 Re8 36. Rb2 Re6 37. b6 d2 38. Rxd2 Rxb6 39. Bc4 Ne6 40. Ra2 Rc6 41. Bd5 Rc7 42. Bxe6 fxe6 43. Ra6 Kf6 44. Ra4 e5 45. h4 h5 46. Ke3 Rc2 47. g4 hxg4 48. fxg4 Rh2 49. Ra6+ Kf7 50. Ra7+ Kg8 51. Ke4 Rxh4 52. Kxe5 Rxg4 53. Kf6 Rg1 54. Rb7 Rf1+ 55. Kxg6 Rg1+ 56. Kf6 Rf1+ 57. Kg6 Rg1+ 58. Kf6 Rf1+ 59. Kg6 1/2-1/2

[Event "December 19 Early 2023"]
[Site "https://www.chess.com"]
[Date "2023.12.19"]
[Round "6"]
[White "Mamedyarov, Shakhriyar"]
[Black "Hong, Andrew"]
[Result "1-0"]
[Board "16"]
[TimeControl "180+1"]
[WhiteFideId "13401319"]
[BlackFideId "2099438"]
[WhiteElo "2716"]
[BlackElo "2460"]
[WhiteTeam "AZE"]
[BlackTeam "USA"]
[WhiteClock "0:00:22"]
[BlackClock "0:00:01"]

1. Nf3 d5 2. e3 Nf6 3. c4 e6 4. b3 c5 5. Bb2 Nc6 6. cxd5 exd5 7. Nc3 Be7 8. Rc1 O-O 9. Na4 b6 10. d4 Ne4 11. Bb5 Bb7 12. dxc5 bxc5 13. O-O Rc8 14. Nd2 Nxd2 15. Qxd2 Nb8 16. Rfd1 a6 17. Be2 Nd7 18. Bg4 Rc7 19. Bf3 Nf6 20. Bxf6 Bxf6 21. Nxc5 Bc8 22. Bxd5 Bg4 23. Bf3 Qxd2 24. Rxd2 Bf5 25. g4 Bg6 26. b4 a5 27. a3 axb4 28. axb4 Rb8 29. Rcd1 Rcc8 30. Bb7 Rc7 31. Rd7 Rxd7 32. Rxd7 h5 33. h3 Bc3 34. b5 Ba5 35. Bc6 Rf8 36. Nb7 Bb6 37. Nd6 hxg4 38. hxg4 Kh7 39. Nc4 Bc5 40. b6 Rc8 41. b7 Rb8 42. Ne5 Ba7 43. Nxf7 Bc2 44. Nd6 Rf8 45. Be4+ Bxe4 46. Nxe4 Re8 47. Nf6+ Kg6 48. Nxe8 Kg5 49. Rxg7+ Kh4 50. Kg2 Bb8 51. Nf6 Bf4 52. Ne4 Bg5 53. f3 Bh6 54. b8=B Bf4 55. Rh7+ 1-0

[Event "December 19 Early 2023"]
[Site "https://www.chess.com"]
[Date "2023.12.19"]
[Round "6"]
[White "Keymer, Vincent"]
[Black "Klimkowski, Jan"]
[Result "0-1"]
[Board "17"]
[TimeControl "180+1"]
[WhiteFideId "12940690"]
[BlackFideId "21856222"]
[WhiteElo "2629"]
[BlackElo "2324"]
[WhiteTeam "GER"]
[BlackTeam "POL"]
[WhiteClock "0:00:01"]
[BlackClock "0:00:21"]

1. a3 h6 2. c4 e5 3. d3 Nf6 4. Nf3 Nc6 5. b4 d6 6. Bb2 Be7 7. g3 O-O 8. Bg2 Be6 9. O-O Qd7 10. Re1 Bh3 11. Bh1 a6 12. Nc3 Rfe8 13. Nd5 Bd8 14. Rc1 Nxd5 15. cxd5 Ne7 16. e4 c6 17. d4 cxd5 18. dxe5 dxe4 19. Rxe4 d5 20. Re1 Nc6 21. Qd2 Bb6 22. Bg2 Bxg2 23. Kxg2 d4 24. Qd3 Qd5 25. Qe4 Rad8 26. Rcd1 Qxe4 27. Rxe4 Rd5 28. Rd2 f5 29. Re1 g5 30. h3 Kf7 31. g4 Ke6 32. Rd3 Red8 33. gxf5+ Kxf5 34. h4 g4 35. Nh2 Nxe5 36. Rg3 h5 37. f3 d3 38. Bxe5 Rxe5 39. fxg4+ Ke6 40. Rd1 Re2+ 41. Kh3 Bc7 42. Rg2 Bxh2 43. Kxh2 hxg4 44. Rxe2+ dxe2 45. Re1 Rd2 46. Kg3 Kf5 47. h5 Kg5 48. h6 Kxh6 49. Kxg4 Ra2 50. Kf4 Kg6 51. Ke4 Kf6 52. Kd4 Kf5 53. Kc5 Ke4 54. Kb6 Ke3 55. Kxb7 Rxa3 0-1

[Event "December 19 Early 2023"]
[Site "https://www.chess.com"]
[Date "2023.12.19"]
[Round "6"]
[White "Ivic, Velimir"]
[Black "Garcia Ramos, Daniel"]
[Result "1/2-1/2"]
[Board "18"]
[TimeControl "180+1"]
[WhiteFideId "950122"]
[BlackFideId "32010311"]
[WhiteElo "2542"]
[BlackElo "2363"]
[WhiteTeam "SRB"]
[BlackTeam "ESP"]
[WhiteClock "0:00:03"]
[BlackClock "0:00:04"]

1. e4 c6 2. d4 d5 3. e5 Bf5 4. h4 h5 5. Bd3 Bxd3 6. Qxd3 Qa5+ 7. Nd2 e6 8. Ne2 Nh6 9. O-O Nf5 10. Nf3 Be7 11. Bg5 Qa6 12. Qd2 Nd7 13. Bxe7 Nxe7 14. Ng3 c5 15. c3 Rc8 16. Rfd1 b6 17. Qf4 g6 18. Ng5 Nf5 19. a4 Qc4 20. a5 b5 21. Rac1 Qa2 22. b4 cxb4 23. cxb4 Rc4 24. Nxf5 gxf5 25. Nf3 Rg8 26. Nd2 Rg4 27. Qh6 Nf8 28. Nxc4 bxc4 29. Qd2 Qa4 30. b5 Ng6 31. g3 f4 32. b6 axb6 33. axb6 fxg3 34. b7 Qb3 35. f3 Nxh4 36. Qc3 Nxf3+ 37. Qxf3 Qxf3 38. b8=Q+ Ke7 39. Qb4+ Ke8 40. Qb8+ Ke7 41. Qb4+ Ke8 42. Qb8+ 1/2-1/2